 Dungeon Crawl Stone Soup version 0.27.1-34-g3ba077fa99 (webtiles) character file.

Game seed: 6741505819465949536

12 cbfl8 the Sneak (level 2, 0/27 HPs)
             Began as a Minotaur Delver on Jan 16, 2022.
             Slain by a water moccasin skeleton (3 damage)
             ... on level 5 of the Dungeon.
             The game lasted 00:00:05 (21 turns).

cbfl8 the Sneak (Minotaur Delver)                     Turns: 21, Time: 00:00:06

Health: 0/27       AC:  3    Str: 16    XL:     2   Next: 20%
Magic:  1/1        EV: 11    Int:  7    God:
Gold:   0          SH:  0    Dex: 11    Spells: 1/1 levels left

rFire    . . .     SeeInvis .   a - +0 hand axe
rCold    . . .     Faith    .   (no shield)
rNeg     . . .     Spirit   .   b - +0 leather armour
rPois    .         Reflect  .   (helmet restricted)
rElec    .         Harm     .   (no cloak)
rCorr    .         Rampage  .   (no gloves)
Will     .....                  (no boots)
Stlth    ++........             (no amulet)
HPRegen  0.09/turn              (no ring)
MPRegen  0.07/turn              (no ring)

@: no status effects
A: horns 2, retaliatory headbutt
a: no special abilities


You were on level 5 of the Dungeon.
You visited 1 branch of the dungeon, and saw 1 of its levels.

Inventory:

Hand Weapons
 a - a +0 hand axe (weapon)
Armour
 b - a +0 leather armour (worn)
Wands
 g - a wand of digging (3)
Scrolls
 c - a scroll of fog
 d - a scroll of magic mapping
 e - a scroll of fear
Potions
 f - a potion of haste


   Skills:
 + Level 3.8 Fighting
 + Level 2.5 Axes
 + Level 0.1 Armour
 + Level 2.2 Dodging
 + Level 4.4 Stealth


You had one spell level left.
You didn't know any spells.
Your spell library was empty.

Dungeon Overview and Level Annotations

Branches:
Dungeon (5/15)
 Temple: D:4-7

Altars:


Innate Abilities, Weirdness & Mutations

You have a pair of horns on your head.
You reflexively headbutt those who attack you in melee.


Message History

Welcome, cbfl8 the Minotaur Delver.
It is said that the Orb of Zot exists deep within this dungeon.
Press ? for a list of commands and other information.
Found a stone staircase leading down.
Unknown command.
A hound skeleton comes into view.
Found 13 gold pieces.
A water moccasin skeleton comes into view.
Found a book of Weapons.
The hound skeleton barely misses you.
The water moccasin skeleton bites you but does no damage.
You hit the hound skeleton but do no damage.
You hit the water moccasin skeleton but do no damage.
The hound skeleton misses you. The water moccasin skeleton bites you.
The hound skeleton bites you but does no damage.
The water moccasin skeleton bites you.
You barely miss the hound skeleton. You hit the water moccasin skeleton.
The hound skeleton bites you. The water moccasin skeleton bites you.
* * * LOW HITPOINT WARNING * * *
The hound skeleton completely misses you.
You furiously retaliate!
You headbutt the hound skeleton! You slash the hound skeleton!
The hound skeleton is almost destroyed.
You hit the water moccasin skeleton. The water moccasin skeleton bites you.
* * * LOW HITPOINT WARNING * * *
The hound skeleton closely misses you. The water moccasin skeleton misses you.
You hit the hound skeleton.
You destroy the hound skeleton!
You barely miss the water moccasin skeleton.
The water moccasin skeleton bites you.
* * * LOW HITPOINT WARNING * * *
You have reached level 2!
Unknown command.
Unknown command.
Unknown command.
The water moccasin skeleton closely misses you.
You barely miss the water moccasin skeleton.
The water moccasin skeleton is moderately damaged.
The water moccasin skeleton bites you.
You die...

... ..#.#
###. #.#.#
#. #.#.# #
.. ##.#.#.#
#.#....#.#
#......#.##
.#.........#
.:.....Z$..#
.#.....@.#.#
##.....##.#
...#...## #
##.##.# # #.
.. ##.


You could see a water moccasin skeleton.

Vanquished Creatures
  A hound skeleton (D:5)
1 creature vanquished.

Notes
Turn   | Place    | Note
-------+----------+-------------------------------------------
     0 | D:5      | cbfl8 the Minotaur Delver began the quest for the Orb.
     0 | D:5      | Reached XP level 1. HP: 19/19 MP: 0/0
    18 | D:5      | Reached XP level 2. HP: 3/27 MP: 1/1
    21 | D:5      | Slain by a water moccasin skeleton

Illustrated notes

Levels and vault maps discovered:
D:5:      layout_loops_ring, uniq_sigmund, uniq_ijyb, uniq_blork_the_orc

Action                   || total
-------------------------++-------
Melee: Hand axe          ||     5
Armor: Leather armour    ||     2
Dodge: Dodged            ||     6
